 Dungeon Crawl Stone Soup version 0.26.1-11-gd32895ea62 (webtiles) character file.

Game seed: 14872956568013436790

74 Craquet the Sneak (level 4, 0/26 HPs)
             Began as a Vampire Brigand on Apr 17, 2021.
             Killed from afar by a white imp (2 damage)
             ... with a puff of frost
             ... summoned by Natasha
             ... on level 2 of the Dungeon.
             The game lasted 00:10:21 (1373 turns).

Craquet the Sneak (Vampire Brigand)                 Turns: 1373, Time: 00:10:21

Health: 0/26       AC:  3    Str: 10    XL:     4   Next: 9%
Magic:  4/4        EV: 13    Int: 13    God:
Gold:   52         SH:  0    Dex: 16    Spells: 3/3 levels left

rFire    . . .     SeeInvis +   a - +2 dagger
rCold    + + .     Faith    .   (no shield)
rNeg     + + +     Spirit   .   b - +0 robe
rPois    ∞         Reflect  .   (no helmet)
rElec    .         Harm     .   c - +0 cloak
rCorr    .         Rampage  .   (no gloves)
Will     .....                  (no boots)
Stlth    +++++.....             (no amulet)
HPRegen  0.00/turn              (no ring)
MPRegen  0.09/turn              (no ring)

@: bloodless
A: fangs 3, see invisible, unbreathing
a: Bat Form, Revivify


You were on level 2 of the Dungeon.
You visited 1 branch of the dungeon, and saw 2 of its levels.

You collected 52 gold pieces.

Inventory:

Hand Weapons
 a - a +2 dagger (weapon)
 l - a +1 dagger of holy wrath
Missiles
 d - 8 poisoned darts (quivered)
 e - 2 curare-tipped darts
 j - 8 boomerangs
Armour
 b - a +0 robe (worn)
 c - a +0 cloak (worn)
Jewellery
 k - an uncursed ring of willpower {unknown}
Scrolls
 f - 2 scrolls of identify {unknown}
 g - a scroll of amnesia {unknown}
 h - a scroll of enchant armour {unknown}
 i - a scroll of teleportation {unknown}


   Skills:
 + Level 2.1 Fighting
 + Level 3.0 Short Blades
 + Level 1.8 Throwing
 + Level 2.4 Dodging
 * Level 6.7 Stealth


You had 3 spell levels left.
You didn't know any spells.
Your spell library was empty.

Dungeon Overview and Level Annotations

Branches:
Dungeon (2/15)

Altars:
Fedhas

Annotations:
D:2 Natasha


Innate Abilities, Weirdness & Mutations

You do not regenerate when monsters are visible.
You are frail without blood (-20% HP).
You can heal yourself when you bite living creatures.
You are immune to poison.
You have razor-sharp teeth.
You have supernaturally acute eyesight. (SInv)
You can survive without breathing.


Message History

Natasha barely misses you.
You closely miss Natasha.
Natasha is lightly wounded.
Natasha claws you!
The iron imp laughs crazily.
You closely miss Natasha.
Natasha is lightly wounded.
Natasha claws you but does no damage.
You closely miss Natasha.
Natasha is lightly wounded.
Natasha claws you!
Natasha stares at you and mumbles some strange words.
The magic dart hits you.
* * * LOW HITPOINT WARNING * * *
A frilled lizard comes into view.
Natasha mumbles some strange words.
Found a ring mail.
The white imp gestures at you. The puff of frost hits you. You resist.
You die...

##.#..............####
#.#......##.#........
#.##.###.##.##...####
............##.######
# ##############.#####
## #.5.h........# ##.
#.##.#.#..##.# #.#
#.##.#.#..# #.#.
#@##.#.#..# ###.
#.#........ ##
#.#.###...## .... ...#
..#l ...g #... #.## ..


You could see a white imp (summoned).

Vanquished Creatures
  Natasha (D:2)
  An ooze (D:1)
  3 dart slugs
  2 giant cockroaches
  3 goblins
  5 hobgoblins
  2 jackals (D:1)
  5 kobolds
  A quokka (D:2)
  6 bats
  4 frilled lizards
  5 rats
38 creatures vanquished.

Vanquished Creatures (others)
  A fungus (D:2)
  A plant (D:2)
2 creatures vanquished.

Grand Total: 40 creatures vanquished

Notes
Turn   | Place    | Note
-------+----------+-------------------------------------------
     0 | D:1      | Craquet the Vampire Brigand began the quest for the Orb.
     0 | D:1      | Reached XP level 1. HP: 16/16 MP: 1/1
    28 | D:1      | Reached skill level 6 in Stealth
    59 | D:1      | Reached XP level 2. HP: 22/22 MP: 2/2
   563 | D:1      | Reached XP level 3. HP: 17/27 MP: 3/3
   999 | D:2      | Found a blossoming altar of Fedhas.
  1091 | D:2      | Noticed Natasha
  1105 | D:2      | Killed Natasha
  1194 | D:2      | Reached XP level 4. HP: 33/33 MP: 4/4
  1352 | D:2      | Noticed Natasha
  1373 | D:2      | Killed from afar by a white imp

Illustrated notes

Levels and vault maps discovered:
D:1:      grunt_arrival_crossed_arrows, layout_loops_ring, chequers_avenue,
          minmay_pentomino_z4
D:2:      wad_crossroads, layout_loops_corners, fedhas_altar_3, uniq_natasha,
          uniq_jessica

Skill      XL: |  1  2  3 |
---------------+----------+-----
Stealth        | 6 |  6.7
Fighting       | 2 |  2.1
Dodging        | 2 |  2.4
Short Blades   | 3 |  3.0
Throwing       | |  1.8

Action                   |  1- 3 |  4- 6 || total
-------------------------+-------+-------++-------
Melee: Dagger            |    97 |    13 ||   110
       Bite              |     5 |       ||     5
Throw: Dart              |     7 |     1 ||     8
 Abil: Exsanguinate      |       |     1 ||     1
 Stab: Sleeping          |    12 |     1 ||    13
Armor: Robe              |    26 |     4 ||    30
Dodge: Dodged            |    42 |     5 ||    47
